 Dungeon Crawl Stone Soup version 0.31-a0-1620-gcbf77bbcfc (webtiles) character file.

Game seed: 14077105187452780503

11984 Laraso the Mimic (level 11, -3/86 HPs)
             Began as a Purple Draconian Warper on Jan 11, 2024.
             Was a High Priest of Cheibriados.
             Slain by a polar bear (10 damage)
             ... on level 1 of the Lair of Beasts.
             The game lasted 00:17:51 (8345 turns).

Laraso the Mimic (Purple Draconian Warper)          Turns: 8345, Time: 00:17:52

Health: -3/86      AC: 12    Str: 32    XL:     11   Next: 56%
Magic:  9/14       EV: 22    Int: 25    God:    Cheibriados [*****.]
Gold:   1203       SH:  0    Dex: 27    Spells: 6/14 levels left

rFire   + .          .
                       - Unarmed
rCold   . . .        (shield currently unavailable)
rNeg    . . .        (body armour unavailable)
rPois   .            y - +2 hat
rElec   .            (no cloak)
rCorr   .            D - +2 pair of gloves
SInv    .            (no boots)
Will    +....        f - amulet of regeneration
Stlth   +            k - ring of protection from fire
HPRegen 1.14/turn    A - +6 ring of strength
MPRegen 0.14/turn

%: no passive effects
@: flux-form, glowing, very slow
A: glow, contaminating, breathe power, AC +7, unfitting armour, cold-blooded
a: Breathe Dispelling Energy, Begin Untransformation, Renounce Religion, Bend
Time, Temporal Distortion, Slouch, Step From Time


You were on level 1 of the Lair of Beasts.
You worshipped Cheibriados.
Cheibriados was extremely pleased with you.
You were something dangerously unstable.
You visited 2 branches of the dungeon, and saw 11 of its levels.
You also visited: Bailey.

You collected 1203 gold pieces.

Inventory:

Missiles
 c - 7 darts of dispersal (quivered)
 q - 6 throwing nets
 s - 2 curare-tipped darts
 w - 23 poisoned darts
Armour
 y - a +2 hat (worn)
 D - a +2 pair of gloves (worn)
Jewellery
 f - an amulet of regeneration (around neck)
 k - a ring of protection from fire (left hand)
 x - a ring of flight
 A - a +6 ring of strength (right hand)
Talismans
 n - a dragon-blood talisman
 r - a flux talisman (active)
Wands
 e - a wand of iceblast (19)
 h - a wand of mindburst (24)
 o - a wand of polymorph (4)
 E - a wand of light (2)
Scrolls
 a - a scroll of immolation
 d - a scroll of vulnerability
 j - 2 scrolls of poison
 m - a scroll of torment
 u - 4 scrolls of teleportation
Potions
 b - a potion of might
 g - a potion of attraction
 i - 4 potions of brilliance
 l - a potion of ambrosia
 p - a potion of resistance {unknown}
 t - 4 potions of curing
 v - a potion of invisibility {unknown}
 z - a potion of cancellation {unknown}
 B - a potion of heal wounds {unknown}
 C - 2 potions of enlightenment


   Skills:
 - Level 5.0 Fighting
 - Level 3.8 Long Blades
 - Level 0.8 Throwing
 - Level 7.0 Dodging
 - Level 7.0 Unarmed Combat
 - Level 2.4 Spellcasting
 - Level 3.0 Translocations
 + Level 13.3 Shapeshifting


You had 6 spell levels left.
You knew the following spells:

 Your Spells              Type           Power      Damage    Failure   Level
a - Teleport Other        Tloc           18%        N/A       10%         3
b - Blink                 Tloc           36%        N/A       4%          2
s - Swiftness             Air            3%         N/A       32%         3

Your spell library contained the following spells:

 Spells                   Type           Power      Damage    Failure   Level
 Lesser Beckoning         Tloc           36%        N/A       4%          2
 Necrotise                Necr           12%        1d4       11%         1
 Sandblast                Erth           6%         2d5       11%         1
 Shock                    Conj/Air       12%        1d3       11%         1
 Summon Small Mammal      Summ           12%        N/A       11%         1
 Manifold Assault         Tloc           18%        N/A       30%         4
 Call Canine Familiar     Summ           3%         N/A       32%         3
 Passwall                 Erth           3%         N/A       32%         3
 Stone Arrow              Conj/Erth      6%         3d7       32%         3
 Vampiric Draining        Necr           3%         2d6       32%         3
 Vhi's Electric Charge    Tloc/Air       20%        N/A       50%         4
 Airstrike                Air            1%         2d(1-17)  71%         4
 Brom's Barrelling Bould  Conj/Erth      3%         2d3       71%         4
 Martyr's Knell           Necr/Summ      3%         N/A       71%         4
 Summon Blazeheart Golem  Fire/Summ      3%         N/A       71%         4
 Curse of Agony           Necr           3%         N/A       96%         5
 Iskenderun's Battlesphe  Conj           3%         2d6       96%         5
 Bombard                  Conj/Erth      1%         9d1       100%        6
 Spellforged Servitor     Conj/Summ      1%         N/A       100%        7


Dungeon Overview and Level Annotations

Branches:
Dungeon (10/15)            Temple (0/1) D:5            Lair (1/5) D:10
    Orc (0/2) D:9          Bailey (visited)

Altars:
Cheibriados
Dithmenos
Fedhas
Kikubaaqudgha
Trog
Uskayaw
Vehumet
Zin
The Shining One

Shops:
D:7 =

Annotations:
D:3 Sigmund, Terence
D:7 2 transporters, MisterAzrael's ghost, novice TrSh


Innate Abilities, Weirdness & Mutations

You are something dangerously unstable.
You glow with magical radiation, making you easy to see and hit.
Foes you strike become dangerously contaminated with magical radiation.
You are incapable of wielding weapons or throwing items.
You can breathe bolts of dispelling energy.
Your rich purple scales are hard. (AC +7)
You cannot fit into any form of body armour.
You are cold-blooded and may be slowed by cold attacks.


Message History

* * * LOW HITPOINT WARNING * * *
The eight-headed hydra barely misses you.
The eight-headed hydra completely misses you.
The eight-headed hydra bites you.
* * * LOW HITPOINT WARNING * * *
The eight-headed hydra misses you.
Okay, then.
Okay, then.
Aiming: Bolt of Light
Press: ? - help, Shift-Dir - straight line, f/p - eight-headed hydra
Aim: an eight-headed hydra (severely wounded, misshapen and mutated, 90% to hit)
The bolt of light hits the eight-headed hydra!
The eight-headed hydra is almost dead.
The eight-headed hydra is blinded.
The bolt of light misses the polar bear.
The eight-headed hydra barely misses you.
The eight-headed hydra misses you.
The eight-headed hydra barely misses you.
The eight-headed hydra bites you but does no damage.
The eight-headed hydra closely misses you. x2
The eight-headed hydra completely misses you.
The eight-headed hydra misses you.
Unknown command.
Unknown command.
Aiming: Bolt of Light
Press: ? - help, Shift-Dir - straight line, f/p - eight-headed hydra
Aim: an eight-headed hydra (almost dead, blind, unable to see you, misshapen and mutated, 90% to hit)
The bolt of light hits the eight-headed hydra!
You kill the eight-headed hydra!
Cheibriados appreciates the change of pace.
The bolt of light misses the polar bear.
You have got your breath back.
Training target 7.0 for Dodging reached!
Your Dodging skill increases to level 7!
Unknown command.
Unknown command.
The flow of time bends around you.
The polar bear resists with some effort.
The polar bear bites you!
You die...

#..............#
...............#
#..#######.###.#
............#
............#
#...........#
..........#.#
#.........#.#
#.........#p#
#.P#.##+###h#
.... ..# .. ...#
....# .....#
#.##... .. #..#


You could see a polar bear.

Vanquished Creatures
  A hydra (Lair:1)
  A boulder beetle (D:9)
  Urug (D:10)
  Sonja (D:10)
  A cyclops (D:7)
  Joseph (D:8)
  A cane toad (Lair:1)
  2 unseen horrors
  A rime drake (D:10)
  2 trolls
  3 slime creatures (D:10)
  3 wyverns
  A basilisk (Lair:1)
  13 yaks
  A water moccasin (D:6)
  4 orc warriors
  5 ice beasts
  A sky beast (D:7)
  7 wolves
  An ogre (D:5)
  4 centaurs
  2 kobold brigands
  Blork the orc (D:4)
  3 bullfrogs
  8 gnoll sergeants (Bailey)
  5 scorpions
  5 killer bees
  A howler monkey (D:9)
  A bombardier beetle (D:5)
  4 hounds
  8 gnoll boudas (Bailey)
  2 orc priests (D:4)
  2 jellies (D:8)
  4 iguanas
  3 orc wizards
  10 gnolls (Bailey)
  3 adders
  A shadow imp (D:8)
  3 white imps
  2 ufetubi (D:6)
  2 dart slugs (D:1)
  A ribbon worm (D:3)
  31 orcs
  10 ball pythons
  3 bats
  5 endoplasms
  5 giant cockroaches
  6 goblins
  11 hobgoblins
  5 jackals
  10 kobolds
  3 quokkas
  2 frilled lizards
  4 rats
221 creatures vanquished.

Vanquished Creatures (collateral kills)
  An orc warrior (D:9)
  2 orc priests (D:9)
  4 orcs (D:9)
7 creatures vanquished.

Vanquished Creatures (others)
  An orc wizard (D:5)
1 creature vanquished.

Grand Total: 229 creatures vanquished

Notes
Turn   | Place    | Note
-------+----------+-------------------------------------------
     0 | D:1      | Laraso the Draconian Warper began the quest for the Orb.
     0 | D:1      | Reached XP level 1. HP: 17/17 MP: 3/3
    99 | D:1      | Reached XP level 2. HP: 24/24 MP: 5/5
   102 | D:1      | Learned a level 2 spell: Blink
   648 | D:1      | Reached XP level 3. HP: 29/29 MP: 6/6
  1160 | D:2      | Found a radiant altar of Vehumet.
  1370 | D:2      | Found a faded altar of an unknown god.
  1682 | D:3      | Noticed Sigmund
  1789 | D:3      | Reached skill level 1 in Unarmed Combat
  1880 | D:3      | Noticed Terence
  2118 | D:3      | Reached XP level 4. HP: 36/36 MP: 7/7
  2141 | D:3      | Reached skill level 1 in Shapeshifting
  2157 | D:3      | Learned a level 3 spell: Swiftness
  2169 | D:3      | Found a snail-covered altar of Cheibriados.
  2203 | D:3      | Found a radiant altar of Vehumet.
  2328 | D:3      | Became a worshipper of Cheibriados the Contemplative
  2578 | D:4      | Reached XP level 5. HP: 27/32 MP: 8/8
  2802 | D:4      | Reached skill level 2 in Shapeshifting
  2887 | D:4      | Reached * piety under Cheibriados
  3076 | D:4      | Found a blossoming altar of Fedhas.
  3194 | D:5      | Entered Level 5 of the Dungeon
  3194 | D:5      | Noticed an ogre
  3257 | D:5      | Noticed Blork the orc
  3284 | D:4      | Killed Blork the orc
  3285 | D:4      | Reached XP level 6. HP: 25/48 MP: 9/9
  3446 | D:5      | Reached skill level 3 in Shapeshifting
  3480 | D:5      | Reached skill level 5 in Unarmed Combat
  3484 | D:5      | Your scales start taking on a rich purple colour.
  3484 | D:5      | Reached XP level 7. HP: 51/55 MP: 10/10
  3775 | D:5      | Reached skill level 4 in Shapeshifting
  3797 | D:5      | Found a glowing silver altar of Zin.
  3902 | D:5      | Found a staircase to the Ecumenical Temple.
  4075 | D:6      | Reached ** piety under Cheibriados
  4149 | D:6      | Found a hide-covered altar of Uskayaw.
  4156 | D:6      | Reached XP level 8. HP: 61/61 MP: 11/11
  4167 | D:6      | Found a bloodstained altar of Trog.
  4585 | D:7      | Reached skill level 5 in Shapeshifting
  4647 | D:7      | Found Zaech's Jewellery Shoppe.
  4787 | D:7      | Reached skill level 6 in Shapeshifting
  4934 | D:7      | Noticed a cyclops
  4947 | D:7      | Killed a cyclops
  4948 | D:7      | Reached skill level 8 in Shapeshifting
  4948 | D:7      | Reached XP level 9. HP: 42/67 MP: 12/12
  5003 | D:7      | Found a transporter.
  5004 | D:7      | Noticed MisterAzrael's ghost (novice TrSh)
  5004 | D:7      | Noticed a centaur warrior
  5005 | D:7      | Found a transporter.
  5248 | D:7      | Noticed a troll
  5254 | D:7      | Killed a troll
  5334 | D:8      | Noticed Joseph
  5350 | D:8      | Reached skill level 9 in Shapeshifting
  5361 | D:8      | Killed Joseph
  5549 | D:8      | Reached skill level 10 in Shapeshifting
  5561 | D:8      | Reached *** piety under Cheibriados
  5773 | D:8      | Reached XP level 10. HP: 78/78 MP: 13/13
  5844 | D:9      | Found a staircase to the Orcish Mines.
  5919 | D:9      | Reached skill level 5 in Fighting
  6011 | D:9      | Found a shadowy altar of Dithmenos.
  6040 | D:9      | Reached skill level 11 in Shapeshifting
  6077 | D:9      | Found a flagged portal.
  6093 | D:9      | Noticed a boulder beetle
  6117 | D:9      | Killed a boulder beetle
  6142 | D:9      | Reached skill level 12 in Shapeshifting
  6161 | D:9      | Reached **** piety under Cheibriados
  6232 | Bailey   | Entered a bailey
  6676 | Bailey   | Identified the ring "Oneny" {Ice rElec Dex+5 Slay-6}
  7055 | D:9      | Reached XP level 11. HP: 67/86 MP: 14/14
  7345 | D:9      | Found an ancient bone altar of Kikubaaqudgha.
  7484 | D:10     | Entered Level 10 of the Dungeon
  7576 | D:10     | Reached ***** piety under Cheibriados
  7620 | D:10     | Reached skill level 5 in Dodging
  7679 | D:10     | Found a staircase to the Lair.
  7739 | D:10     | Reached skill level 13 in Shapeshifting
  7781 | D:10     | Noticed Urug
  7792 | D:10     | Killed Urug
  7905 | D:10     | Noticed Sonja
  7914 | D:10     | Killed Sonja
  8062 | D:10     | Found a glowing golden altar of the Shining One.
  8170 | Lair:1   | Entered Level 1 of the Lair of Beasts
  8220 | Lair:1   | Learned a level 3 spell: Teleport Other
  8226 | Lair:1   | Identified the +4 kite shield of Indecent Exposure {Int+2
                  | Dex+7 Slay-5 SInv}
  8331 | Lair:1   | Noticed an eight-headed hydra
  8342 | Lair:1   | HP: 4/86 [eight-headed hydra (4)]
  8344 | Lair:1   | Killed an eight-headed hydra
  8345 | Lair:1   | Slain by a polar bear

Illustrated notes

Levels and vault maps discovered:
D:1:      dpeg_arrival_windows_large_door, layout_loops_corners,
          grunt_decor_clamped
D:2:      minmay_angry_zag, layout_basic, basic_altar, basic_ecumenical_altar
D:3:      layout_rooms, mainiacjoe_overflow_paths,
          nicolae_overflow_crystal_walls, grunt_ministairs_14, uniq_sigmund,
          uniq_terence
D:4:      layout_loops_ring, fedhas_altar_1, chequers_mini_garden
D:5:      layout_rooms, zin_academy, minmay_temple_entry_nine_rooms,
          uniq_blork_the_orc
D:6:      layout_basic, trog_three_pillars_becter,
          mainiacjoe_overflow_small_starburst, minmay_splitting_lines,
          minmay_stone_trees_small
D:7:      layout_basic, gammafunk_ghost_arena, serial_shops,
          nicolae_shop_rolling_square, kb_rosetta
D:8:      layout_rooms, uniq_joseph
D:9:      layout_loops_ring, lemuel_crystal_altar, lemuel_round_altar,
          minmay_orc_entry_temple_small, enter_bailey_6,
          chequers_decorated_corner, st_stairs_9, nrook_mini_vaults
D:10:     layout_basic, tso_altar, hellmonk_lair_entry_icy, uniq_urug,
          uniq_sonja
Lair:1:   layout_regular_city, roderic_batcave, grunt_megastairs_3

Skill      XL: |  1  2  3  4  5  6  7  8  9 10 11 |
---------------+----------------------------------+-----
Long Blades    | 3 |  3.8
Unarmed Combat | 1 2 4 5 6 7 |  7.0
Shapeshifting  | 1 2 3 4 8 10 12 13 | 13.3
Fighting       | 3 5 |  5.0
Dodging        | 4 7 |  7.0
Throwing       | |  0.8
Spellcasting   | |  2.4
Translocations | |  3.0

Action                     |  1- 3 |  4- 6 |  7- 9 | 10-12 || total
---------------------------+-------+-------+-------+-------++-------
  Melee: Falchion          |   116 |       |       |       ||   116
         Tailslap          |    20 |    26 |    37 |    81 ||   164
         Unarmed           |   106 |   198 |   270 |   314 ||   888
         Punch             |     2 |     2 |     5 |       ||     9
 Invoke: Bend Time         |       |     1 |     3 |     3 ||     7
Ability: Breathe Dispellin |       |       |     4 |     5 ||     9
  Evoke: Wand              |       |       |     5 |    14 ||    19
    Use: Potion            |     4 |     1 |     3 |       ||     8
         Scroll            |       |     6 |     6 |     9 ||    21
   Stab: Sleeping          |     3 |       |     1 |       ||     4
         Distracted        |       |       |     1 |     1 ||     2
         Paralysed         |       |       |    13 |    18 ||    31
 Armour: Skin              |   126 |   117 |   176 |   180 ||   599
  Dodge: Dodged            |   138 |   100 |   186 |   307 ||   731
   Form: Beast             |     1 |       |       |       ||     1
         Flux              |       |       |     1 |       ||     1

Table legend: (Time is in decaauts)
 A = Elapsed time spent in this place.
 B = Non-inter-level travel time spent in this place.
 C = Inter-level travel time spent in this place.
 D = Time resting spent in this place.
 E = Time spent auto-exploring this place.
 F = Levels seen in this place.
 G = Mean time per level.
                   A        B        C        D        E       F      G
               +--------+--------+--------+--------+--------+-----+--------+
         Total |  10646 |  10034 |    612 |    624 |   6530 |  12 |  887.2 |
       Dungeon |   9335 |   8724 |    611 |    436 |   6066 |  10 |  933.5 |
          Lair |    273 |    273 |      0 |      0 |    184 |   1 |  273.0 |
        Bailey |   1037 |   1037 |      0 |    187 |    279 |   1 | 1037.0 |
               +--------+--------+--------+--------+--------+-----+--------+

Top non-repeatable levels by time:
     D:9: 1339 daAuts
    D:10: 1095 daAuts
     D:4: 1075 daAuts
  Bailey: 1037 daAuts
     D:1: 1016 daAuts
     D:7: 993 daAuts
     D:2: 849 daAuts
     D:6: 842 daAuts
     D:5: 755 daAuts
     D:8: 720 daAuts
     D:3: 646 daAuts
  Lair:1: 273 daAuts
